 Dungeon Crawl Stone Soup version 0.23-b1-84-g6588a6b (webtiles) character file.

Game seed: 9335642500292534176

14407 wilfster70 the Thaumaturge (level 11, -11/68 HPs)
             Began as a Deep Elf Fire Elementalist on Feb 8, 2019.
             Was a High Priest of Nemelex Xobeh.
             Killed from afar by a bog body (20 damage)
             ... with a bolt of cold
             ... on level 2 of the Lair of Beasts.
             The game lasted 01:01:52 (15939 turns).

wilfster70 the Thaumaturge (DEFE)                  Turns: 15939, Time: 01:01:53

Health: -11/68     AC:  6    Str:  5    XL:     11   Next: 88%
Magic:  33/38      EV: 13    Int: 28    God:    Nemelex Xobeh [*****.]
Gold:   748        SH:  0    Dex: 15    Spells: 19/34 levels left

rFire    . . .     SeeInvis .   a - +2 trident (venom)
rCold    . . .     Gourm    .   (no shield)
rNeg     . . .     Faith    .   m - +0 robe {MR+}
rPois    .         Spirit   .   l - +0 helmet
rElec    .         Reflect  .   u - +0 cloak
rCorr    .         Harm     .   C - +0 pair of gloves
MR       ++...                  g - +0 pair of boots
Stlth    ++........             (no amulet)
HPRegen  0.21/turn              d - ring of magical power
MPRegen  0.26/turn              p - +4 ring of intelligence

@: no status effects
A: no striking features
a: Draw Escape, Draw Destruction, Draw Summoning, Triple Draw, Deal Four, Stack
Five, Renounce Religion


You were on level 2 of the Lair of Beasts.
You worshipped Nemelex Xobeh.
Nemelex Xobeh was extremely pleased with you.
You were not hungry.

You visited 2 branches of the dungeon, and saw 13 of its levels.

You collected 748 gold pieces.

Inventory:

Hand Weapons
 a - a +2 trident of venom (weapon)
 b - a +2 hunting sling
 I - a +3 scimitar of flaming
Missiles
 e - 115 sling bullets
 j - 230 stones (quivered)
Armour
 g - a +0 pair of boots (worn)
 l - a +0 helmet (worn)
 m - a +0 robe of magic resistance (worn)
 q - a +0 shield
 u - a +0 cloak (worn)
 C - a +0 pair of gloves (worn)
Jewellery
 d - a ring of magical power (left hand)
 p - a +4 ring of intelligence (right hand)
Wands
 o - a wand of random effects (69)
 D - a wand of flame (21)
 F - a wand of scattershot (4)
 G - a wand of acid (17)
Scrolls
 n - a scroll of fog
 t - a scroll of teleportation
 v - 5 scrolls of magic mapping
 w - 4 scrolls of remove curse
 y - 2 scrolls of amnesia
Potions
 f - 3 potions of curing
 h - 2 potions of might
 i - 2 potions of flight
 k - 4 potions of heal wounds
 r - a potion of haste
 s - a potion of lignification
 z - 2 potions of invisibility
 A - a potion of resistance {unknown}
 B - a potion of mutation {unknown}
 E - a potion of degeneration {unknown}
 H - a potion of ambrosia {unknown}
Miscellaneous
 K - a phantom mirror
Comestibles
 c - 19 rations
 x - a chunk of flesh


   Skills:
 + Level 8.2 Fighting
 - Level 2.4 Dodging
 - Level 2.4 Stealth
 - Level 4.0 Shields
 + Level 12.3 Spellcasting
 - Level 6.0 Conjurations
 - Level 2.4 Translocations
 - Level 8.0 Fire Magic
 - Level 8.0 Invocations
 - Level 6.0 Evocations


You had 19 spell levels left.
You knew the following spells:

 Your Spells              Type           Power        Failure   Level  Hunger
a - Flame Tongue          Conj/Fire      #####        1%          1    None
b - Conjure Flame         Conj/Fire      ######..     1%          3    None
c - Sticky Flame          Conj/Fire      ######..     1%          4    None
d - Fireball              Conj/Fire      ######....   4%          5    ##.....
g - Blink                 Tloc           N/A          1%          2    None

Your spell library contained the following spells:

 Spells                   Type           Power        Failure   Level  Hunger
 Magic Dart               Conj           ####         1%          1    None
 Throw Flame              Conj/Fire      ######       1%          2    None
 Inner Flame              Hex/Fire       #####...     1%          3    None
 Call Imp                 Summ           ###.....     4%          2    None
 Poisonous Vapours        Pois/Air       ###...       4%          2    None
 Slow                     Hex            ###.....     4%          2    None
 Mephitic Cloud           Conj/Pois/Air  ####....     4%          3    None
 Freezing Cloud           Conj/Ice/Air   ####......   91%         6    #####..
 Ring of Flames           Chrm/Fire      #####.....   99%         7    ######.


Dungeon Overview and Level Annotations

Branches:
Dungeon (11/15)            Temple (0/1) D:6            Lair (2/6) D:10
  Swamp (0/4) Lair:2       Spider (0/4) Lair:2          Orc (0/2) D:9

Altars:
Cheibriados
Fedhas
Nemelex Xobeh
Okawaru
Qazlal
Zin
The Shining One

Shops:
D:5 =   D:7 %   D:10 (

Annotations:
Lair:2 exclusion: oklob plant


Message History

Aim: a swamp worm (almost dead, covered in liquid flames)
The flame tongue hits the swamp worm but does no damage.
The swamp worm is almost dead.
The swamp worm burns!
You kill the swamp worm!
As you read the scroll of teleportation, it crumbles to dust.
You feel strangely unstable.
Your surroundings suddenly seem different.
You draw a card...
You have drawn Wild Magic.
Venomous gases pour from the bog body's claws!
You feel a surge of magic.
You feel your power returning.
You draw a card...
You have drawn the Illusion.
Suddenly you stand beside yourself.
The bog body hits wilfster70's illusion!
The bog body misses wilfster70's illusion.
Wilfster70's illusion hits the bog body!
The bog body points at you and mumbles some strange words.
The bolt of cold hits you!!
You die...
Your body disappears without a glow.

...##..........^^#..)......#P....
.......^....^.^^##..>......#P...≈
.........^...##^#..........#P#.≈≈
..............##...........###.≈≈
.......####....................≈≈
.......## #................###.≈≈
........####.#.....#....#+.# ♣.≈≈
♣♣#P.....####..............# #..≈
♣ ♣♣......###...@P.###P.#.##PP♣..
♣♣♣♣♣♣♣♣♣....n...### #######PPPP.
≈≈♣≈≈≈≈≈♣♣♣..@...#


#P♣PPP ....^..♣...⌠.....## #P##P# .♣...♣.....⌠......## PPP.
≈≈≈≈≈≈n≈♣♣♣........###### ♣PP♣P ♣♣♣♣♣♣♣♣♣....#....#.....#### P♣PP
♣♣♣♣.......P##.............###### .......#######..........#...##... You could
see a bog body and the friendly wilfster70's illusion.

Vanquished Creatures
  A hydra (Lair:1)
  A two-headed ogre (D:5)
  Pikel (D:7)
  A manticore (D:11)
  A black mamba (Lair:2)
  A spiny frog (Lair:2)
  A merfolk (D:10)
  A troll (D:10)
  Grinder (D:6)
  6 blink frogs (Lair:1)
  3 hippogriffs
  A redback (Lair:2)
  6 yaks
  Menkaure (D:6)
  2 basilisks
  3 swamp worms (Lair:2)
  2 water moccasins
  4 porcupines
  4 orc warriors
  5 sky beasts
  2 ice beasts
  3 black bears
  A phantom (D:5)
  2 slaves (D:7)
  2 necrophages
  14 ogres
  2 wolves (D:10)
  2 crocodiles
  2 big kobolds (D:10)
  5 bullfrogs
  Dowan (D:6)
  8 killer bees
  5 scorpions
  5 wights (D:11)
  2 howler monkeys (D:4)
  3 electric eels
  6 crimson imps
  A centaur skeleton (D:6)
  2 centaur zombies
  5 orc priests
  9 hounds
  2 bullfrog zombies
  An iguana (D:10)
  9 orc wizards
  2 bullfrog skeletons
  Natasha (D:3)
  4 worker ants
  A killer bee zombie (D:7)
  A hound skeleton (D:7)
  A howler monkey zombie (D:6)
  A worker ant zombie (D:10)
  14 adders
  2 shadow imps (D:6)
  2 oozes
  3 adder skeletons
  4 worms (D:3)
  2 dart slugs (D:1)
  2 leopard geckos
  20 orcs
  A ball python (D:3)
  9 bats
  6 giant cockroaches
  7 goblins
  11 hobgoblins
  14 jackals
  8 quokkas
  7 frilled lizards
  3 goblin skeletons (D:5)
  A goblin zombie (D:5)
  A hobgoblin zombie (D:5)
  A jackal skeleton (D:5)
  21 kobolds
  3 kobold zombies (D:5)
  An orc zombie (D:5)
  A quokka skeleton (D:6)
  11 rats
306 creatures vanquished.

Vanquished Creatures (collateral kills)
  Erica (D:10)
  The ghost of HEYYEYAAE the Quickloader, a novice OpHu (D:7)
  A spiny frog (Lair:1)
  Duvessa (D:6)
  A phantom (D:5)
  An ogre (D:5)
  A howler monkey (D:11)
  3 crimson imps
  A hound (D:5)
  An iron imp (D:5)
  Natasha (D:3)
  A ball python (D:5)
  A hobgoblin zombie (D:5)
15 creatures vanquished.

Vanquished Creatures (others)
  A bullfrog (D:8)
  A crimson imp (D:7)
  2 orc wizards (D:9)
  2 jackals (D:7)
  A plant (Lair:2)
7 creatures vanquished.

Grand Total: 328 creatures vanquished

Notes
Turn   | Place    | Note
-------+----------+-------------------------------------------
     0 | D:1      | wilfster70 the Deep Elf Fire Elementalist began the quest
                  | for the Orb.
     0 | D:1      | Reached XP level 1. HP: 10/10 MP: 6/6
   255 | D:1      | Reached XP level 2. HP: 15/15 MP: 5/8
   418 | D:1      | Found a sparkling altar of Nemelex Xobeh.
   435 | D:1      | Became a worshipper of Nemelex Xobeh the Trickster
   464 | D:1      | Received a gift from Nemelex Xobeh
   714 | D:1      | Reached XP level 3. HP: 15/19 MP: 6/10
   719 | D:1      | Learned a level 3 spell: Conjure Flame
   979 | D:2      | Noticed Terence
   981 | D:2      | Noticed Terence
   981 | D:2      | Terence changed into Terence the hobgoblin
   987 | D:2      | Killed Terence the hobgoblin
  1051 | D:2      | Found a snail-covered altar of Cheibriados.
  1129 | D:2      | Reached * piety under Nemelex Xobeh
  1309 | D:2      | Reached skill level 1 in Invocations
  1908 | D:3      | Noticed Natasha
  1927 | D:3      | Killed Natasha
  1927 | D:3      | Reached XP level 4. HP: 4/24 MP: 6/11
  1957 | D:3      | Reached skill level 4 in Spellcasting
  2248 | D:3      | Reached ** piety under Nemelex Xobeh
  2552 | D:3      | Received a gift from Nemelex Xobeh
  2609 | D:3      | Identified the -1 hand axe of Desperation {freeze, +Blink
                  | rElec}
  2882 | D:3      | Reached XP level 5. HP: 28/28 MP: 8/13
  3113 | D:3      | Learned a level 4 spell: Sticky Flame
  3190 | D:3      | Noticed Natasha
  3206 | D:3      | Killed Natasha
  3346 | D:4      | Reached XP level 6. HP: 31/32 MP: 9/14
  3479 | D:3      | Learned a level 5 spell: Fireball
  3562 | D:4      | Reached skill level 5 in Spellcasting
  4097 | D:4      | Reached skill level 5 in Fire Magic
  4143 | D:4      | Reached *** piety under Nemelex Xobeh
  4474 | D:4      | Found an iron altar of Okawaru.
  4533 | D:5      | Entered Level 5 of the Dungeon
  4551 | D:5      | Reached XP level 7. HP: 36/36 MP: 17/17
  4570 | D:5      | Noticed a two-headed ogre
  4580 | D:5      | Reached skill level 5 in Conjurations
  4597 | D:5      | Killed a two-headed ogre
  4597 | D:5      | Reached skill level 7 in Spellcasting
  4597 | D:5      | Reached skill level 5 in Invocations
  4597 | D:5      | Reached XP level 8. HP: 45/45 MP: 20/21
  4788 | D:5      | Reached skill level 8 in Spellcasting
  5226 | D:5      | Found Duzisimm's Jewellery Shoppe.
  5278 | D:5      | Received a gift from Nemelex Xobeh
  5388 | D:5      | Reached XP level 9. HP: 52/52 MP: 23/23
  5501 | D:5      | Found a glowing golden altar of the Shining One.
  5776 | D:6      | Noticed Menkaure
  6141 | D:6      | Found a staircase to the Ecumenical Temple.
  6165 | D:6      | Reached skill level 9 in Spellcasting
  6313 | D:6      | Noticed Grinder
  6322 | D:6      | Killed Grinder
  6346 | D:6      | Noticed Duvessa
  6351 | D:6      | Killed Duvessa
  6355 | D:6      | Noticed Dowan
  6358 | D:6      | Killed Dowan
  6584 | D:6      | Reached skill level 5 in Fighting
  6584 | D:6      | Reached skill level 10 in Spellcasting
  6589 | D:6      | Found a glowing silver altar of Zin.
  6600 | D:6      | Killed Menkaure
  6600 | D:6      | Reached skill level 1 in Shields
  6844 | D:6      | Received a gift from Nemelex Xobeh
  6957 | D:6      | Reached **** piety under Nemelex Xobeh
  7243 | D:7      | Found Cykheam's Food Shop.
  7284 | D:7      | Received a gift from Nemelex Xobeh
  7523 | D:7      | Found a runed translucent door.
  7523 | D:7      | Noticed HEYYEYAAE's ghost (novice OpHu)
  7532 | D:7      | Killed HEYYEYAAE's ghost
  7645 | D:7      | Learned a level 2 spell: Blink
  7876 | D:7      | Reached XP level 10. HP: 60/60 MP: 26/26
  7976 | D:7      | Reached skill level 1 in Translocations
  8275 | D:8      | Noticed Pikel
  8453 | D:7      | Killed Pikel
  8694 | D:8      | Got a crude whip
  8697 | D:8      | Identified the +7 whip of Kosk {freeze, rC+ Str+3 Int-3
                  | Stlth+} (You found it on level 8 of the Dungeon)
  8796 | D:8      | Got a polished whip
  8797 | D:8      | Identified the +3 whip "Perui" {slash, Str+2} (You found it
                  | on level 8 of the Dungeon)
  8904 | D:8      | Received a gift from Nemelex Xobeh
  9034 | D:8      | Identified the -1 quarterstaff of Dagirgh {crush, rPois}
  9039 | D:8      | Reached ***** piety under Nemelex Xobeh
  9741 | D:9      | Reached skill level 1 in Evocations
 10036 | D:9      | Found a staircase to the Orcish Mines.
 10523 | D:10     | Entered Level 10 of the Dungeon
 11567 | D:10     | Found a staircase to the Lair.
 11872 | D:10     | Reached XP level 11. HP: 51/66 MP: 27/27
 11975 | D:10     | Noticed Erica
 12073 | D:10     | Killed Erica
 12202 | D:10     | Found Mebo's Weapon Shop.
 12278 | D:10     | Found a stormy altar of Qazlal.
 12834 | D:11     | Received a gift from Nemelex Xobeh
 13007 | D:11     | Reached skill level 11 in Spellcasting
 13433 | D:11     | Reached skill level 5 in Evocations
 13647 | Lair:1   | Entered Level 1 of the Lair of Beasts
 13729 | Lair:1   | HP: 3/67 [blink frog (5)]
 14091 | Lair:1   | Noticed a six-headed hydra
 14116 | Lair:1   | Killed a six-headed hydra
 14348 | Lair:1   | Received a gift from Nemelex Xobeh
 14628 | Lair:2   | Received a gift from Nemelex Xobeh
 14996 | Lair:2   | Found a hole to the Spider Nest.
 15016 | Lair:2   | Received a gift from Nemelex Xobeh
 15122 | Lair:2   | Reached skill level 12 in Spellcasting
 15501 | Lair:2   | Found a blossoming altar of Fedhas.
 15524 | Lair:2   | Noticed an oklob plant
 15908 | Lair:2   | Found a staircase to the Swamp.
 15939 | Lair:2   | Killed from afar by a bog body

Skill      XL: |  1  2  3  4  5  6  7  8  9 10 11 |
---------------+----------------------------------+-----
Conjurations   | 2 3 4 5 6 |  6.0
Invocations    | 1 2 3 5 6 8 |  8.0
Fire Magic     | 4 5 6 8 |  8.0
Spellcasting   | 4 5 7 8 10 12 | 12.3
Fighting       | 2 3 5 6 8 |  8.2
Shields        | 3 4 |  4.0
Translocations | 2 |  2.4
Evocations     | 3 6 |  6.0
Dodging        | |  2.4
Stealth        | |  2.4

Action                   |  1- 3 |  4- 6 |  7- 9 | 10-12 || total
-------------------------+-------+-------+-------+-------++-------
Melee: Dagger            |     3 |    29 |     8 |     7 ||    47
       Trident           |       |       |       |    48 ||    48
 Cast: Flame Tongue      |    79 |   124 |   173 |   237 ||   613
       Conjure Flame     |       |     2 |     3 |     8 ||    13
       Sticky Flame      |       |     2 |    18 |    77 ||    97
       Fireball          |       |       |       |     8 ||     8
       Blink             |       |       |       |     5 ||     5
 Abil: Draw Destruction  |     1 |     2 |     8 |     8 ||    19
       Draw Summoning    |       |     2 |     4 |     6 ||    12
       Draw Escape       |       |       |       |     1 ||     1
  Use: Scroll            |       |     3 |     7 |    14 ||    24
       Potion            |       |       |       |     2 ||     2
 Stab: Sleeping          |       |       |     1 |     4 ||     5
       Distracted        |       |       |       |     1 ||     1
  Eat: Chunk             |     2 |     7 |     6 |    19 ||    34
       Ration            |       |     1 |     1 |     2 ||     4
Armor: Robe              |     8 |    22 |    26 |    78 ||   134
Dodge: Dodged            |    31 |    50 |    39 |   178 ||   298
